 Dungeon Crawl Stone Soup version 0.31-a0-152-g6aa68a64a1 (webtiles) character file.

Game seed: 17154884543396954711

198 qw the Shooter (level 5, -7/46 HPs)
             Began as a Minotaur Hunter on June 9, 2023.
             Mangled by a gnoll bouda
             ... wielding a +0 whip
              (8 damage)
             ... on level 3 of the Dungeon.
             The game lasted 00:00:52 (2101 turns).

qw the Shooter (Minotaur Hunter)                    Turns: 2101, Time: 00:00:52

Health: -7/46      AC:  6    Str: 16    XL:     5   Next: 47%
Magic:  4/4        EV: 11    Int:  6    God:
Gold:   38         SH:  0    Dex: 15    Spells: 4/4 levels left

rFire   . . .        Y - +1 shortbow
rCold   . . .        (shield currently unavailable)
rNeg    . . .        g - +0 ring mail
rPois   .            (helmet restricted)
rElec   .            (no cloak)
rCorr   +            (no gloves)
SInv    .            d - +0 pair of boots
Will    .....        (no amulet)
Stlth   +            b - ring of resist corrosion
HPRegen 0.27/turn    (no ring)
MPRegen 0.09/turn

%: no passive effects
@: weakened
A: horns 2, retaliatory headbutt
a: no special abilities


You were on level 3 of the Dungeon.
You visited 1 branch of the dungeon, and saw 3 of its levels.

You collected 126 gold pieces.
You spent 88 gold pieces at shops.


Innate Abilities, Weirdness & Mutations

You have a pair of horns on your head.
You reflexively headbutt those who attack you in melee.


   Skills:
 - Level 4.0 Fighting
 + Level 6.7 Ranged Weapons
 - Level 1.0 Armour
 - Level 2.1 Dodging
 - Level 0.7 Stealth


You had 4 spell levels left.
You didn't know any spells.
Your spell library was empty.

Inventory:

Hand Weapons
 Y - a +1 shortbow (weapon)
Armour
 d - a +0 pair of boots (worn)
 g - a +0 ring mail (worn)
Jewellery
 b - a ring of resist corrosion (left hand)
Potions
 e - a potion of lignification {unknown}
 f - a potion of haste {unknown}
 h - a potion of invisibility {unknown}
 i - a potion of enlightenment {unknown}
 j - a potion of attraction {unknown}
 k - 2 potions of curing

Dungeon Overview and Level Annotations

Branches:
Dungeon (3/15)

Altars:
Trog

Shops:
D:3 !


Message History

The plant is lightly damaged.
The gnoll bouda calls upon its god to heal the gnoll.
The gnoll's wounds heal themselves!
You shoot an arrow. The arrow closely misses the gnoll.
The gnoll barely misses you. You furiously retaliate!
You headbutt the gnoll! You shoot an arrow. The arrow closely misses the gnoll.
The gnoll hits you with a +0 club.
The gnoll bouda gazes fiercely through you!
You feel as though you will be weak longer.
The gnoll hits you with a +0 whip.
You shoot an arrow. The arrow hits the gnoll.
You kill the gnoll!
A nearby plant withers and dies.
You shoot an arrow. The arrow hits the gnoll bouda.
The gnoll bouda is severely wounded.
The gnoll bouda utters an invocation to its god.
The gnoll bouda is healed somewhat.
You shoot an arrow.
The arrow completely misses the gnoll bouda.
The gnoll hits you but does no damage. The gnoll bouda misses you.
You shoot an arrow.
The arrow hits the gnoll bouda but does no damage.
The gnoll bouda is moderately wounded.
The gnoll closely misses you. You furiously retaliate!
You headbutt the gnoll!
The gnoll bouda hits you but does no damage.
The gnoll completely misses you.
You shoot an arrow. The arrow hits the gnoll!
You kill the gnoll!
The gnoll bouda hits you with a +0 whip!
You shoot an arrow.
The arrow hits the gnoll bouda but does no damage.
The gnoll bouda is moderately wounded.
The gnoll bouda hits you with a +0 whip!
You shoot an arrow. The arrow hits the gnoll bouda!
The gnoll bouda is severely wounded.
Your attacks no longer feel as feeble.
The gnoll bouda gazes fiercely through you!
You feel your attacks grow feeble.
The gnoll bouda hits you with a +0 whip!
You die...

#.....P....#..))
#..P...P........
#########.......P.......
..........P...PP........
................P..#...#
............PP.P..#....#
..............P...#....#
........g...............
.......@))..#.####.#...#
..............# #.#...#
...........#### ##.#...#
..........)..####..#..##
############.#....##>###
#............
##.##........
####.##......##
##....##.....##


You could see a gnoll bouda.

Vanquished Creatures
  A scorpion (D:3)
  An adder (D:3)
  7 gnolls (D:3)
  A worm (D:2)
  A dart slug (D:2)
  9 bats
  7 endoplasms
  A giant cockroach (D:3)
  3 goblins
  5 hobgoblins
  2 jackals (D:3)
  7 kobolds
  2 quokkas
  8 ball pythons
  A frilled lizard (D:2)
  2 rats (D:2)
58 creatures vanquished.

Notes
Turn   | Place    | Note
-------+----------+-------------------------------------------
     0 | D:1      | qw the Minotaur Hunter began the quest for the Orb.
     0 | D:1      | Reached XP level 1. HP: 18/18 MP: 0/0
     0 | D:1      | 0 ||| qw: Version: 0.2-a-122-gbc61b45
     0 | D:1      | 0 ||| qw: Game counter: 3391
     0 | D:1      | 0 ||| qw: Always use a shield: true
     0 | D:1      | 0 ||| qw: God list: Okawaru
     0 | D:1      | 0 ||| qw: Allow faded altars: false
     0 | D:1      | 0 ||| qw: Do Orc after D:15 true
     0 | D:1      | 0 ||| qw: Do second Lair branch before Depths: true
     0 | D:1      | 0 ||| qw: Lair rune preference: random
     0 | D:1      | 0 ||| qw: Plans: Normal
     0 | D:1      | 0 ||| PLANNING D:1-11
   203 | D:1      | Reached XP level 2. HP: 22/25 MP: 1/1
   234 | D:1      | Reached skill level 5 in Ranged Weapons
   710 | D:1      | 710 ||| UPGRADING to +0 ring mail.
   720 | D:1      | 720 ||| DROPPING +0 leather armour.
   721 | D:1      | 721 ||| READING scroll labelled LIUSCH DYUDD.
   722 | D:1      | 722 ||| READING scroll labelled HEKKUF HONLI.
   725 | D:1      | 725 ||| READING scroll labelled KUIKEQ WORIAC PIEM.
   726 | D:1      | 726 ||| DROPPING scroll of butterflies.
   754 | D:2      | Found a bloodstained altar of Trog.
   778 | D:2      | Reached skill level 1 in Armour
   837 | D:2      | Reached skill level 3 in Fighting
   977 | D:2      | Reached XP level 3. HP: 31/31 MP: 2/2
  1015 | D:2      | Identified the +10 hand axe of Davig {distort, Will- Str+3
                  | SInv}
  1025 | D:2      | Found a faded altar of an unknown god.
  1503 | D:2      | 1503 ||| UPGRADING to +0 pair of boots.
  1508 | D:2      | 1508 ||| UPGRADING to ring of resist corrosion.
  1509 | D:2      | 1509 ||| READING scroll labelled SAXZAEXUES.
  1510 | D:2      | 1510 ||| READING scroll labelled KIQIN SIUHUQ.
  1511 | D:2      | 1511 ||| READING scroll labelled PIPOSANUEM.
  1612 | D:2      | 1612 ||| READING scroll labelled ATIOXKO DIHU.
  1613 | D:2      | 1613 ||| READING scroll labelled UDGHEKHL ZOCOUWK.
  1839 | D:3      | Found Tivoguf's Distillery.
  1845 | D:3      | 1845 ||| BUYING potion of curing (33 gold).
  1845 | D:3      | Bought a potion of curing for 33 gold pieces
  1845 | D:3      | 1845 ||| BUYING potion of heal wounds (55 gold).
  1845 | D:3      | Bought a potion of heal wounds for 55 gold pieces
  1845 | D:3      | 1845 ||| SHOPLISTING potion of mutation (88 gold, have 38).
  1939 | D:3      | Noticed a scorpion
  1943 | D:3      | Killed a scorpion
  1944 | D:3      | Reached skill level 6 in Ranged Weapons
  1944 | D:3      | Reached XP level 4. HP: 38/38 MP: 3/3
  1952 | D:3      | Reached XP level 5. HP: 45/45 MP: 4/4
  1977 | D:3      | 1977 ||| FLEEEEING.
  1987 | D:3      | 1987 ||| STAIRDANCE
  2016 | D:2      | 2016 ||| READING scroll labelled BESUM ICIREOS.
  2032 | D:3      | 2032 ||| Stepping ~*~*~tactically~*~*~ (outnumbered).
  2042 | D:3      | HP: 10/46 [gnoll/+0 flail[a gnoll bouda] (3)]
  2043 | D:3      | 2043 ||| READING scroll of teleportation.
  2043 | D:3      | HP: 2/46 [gnoll bouda/+0 whip (5)]
  2044 | D:3      | 2044 ||| DRINKING potion of heal wounds.
  2099 | D:3      | HP: 9/46 [gnoll bouda/+0 whip (7)]
  2100 | D:3      | HP: 1/46 [gnoll bouda/+0 whip (8)]
  2101 | D:3      | Mangled by a gnoll bouda

Levels and vault maps discovered:
D:1:      saegor_arrival_miasma, layout_basic, serial_forest,
          infiniplex_forest_clump_curved, infiniplex_forest_zigzag_1,
          infiniplex_forest_straight_1, infiniplex_forest_end_2,
          infiniplex_forest_lined_1, infiniplex_forest_clump_cross,
          infiniplex_forest_lined_3, infiniplex_forest_lined_corner
D:2:      layout_basic, basic_altar, hellmonk_ecumenical_altar_heavens_door,
          nicolae_concentric_dashed_squares_wild, kennysheep_small_spiral,
          serial_bayou_pond_d, kennysheep_generic_room_9
D:3:      layout_rooms, nicolae_elyvilon_temple_path, serial_shops,
          nicolae_shop_rolling_square, nicolae_grassy_gnolls

Skill      XL: |  1  2  3  4  5 |
---------------+----------------+-----
Ranged Weapons | 5 6 |  6.7
Armour         | 1 |  1.0
Fighting       | 3 4 |  4.0
Dodging        | |  2.1
Stealth        | |  0.7

Action                     |  1- 3 |  4- 6 || total
---------------------------+-------+-------++-------
   Fire: Shortbow          |   124 |    46 ||   170
    Use: Scroll            |     8 |     2 ||    10
         Potion            |       |     1 ||     1
 Armour: Ring mail         |     9 |     8 ||    17
         Leather armour    |     1 |       ||     1
  Dodge: Dodged            |    29 |    19 ||    48

Table legend:
 A = Non-vault XP
 B = Vault XP
 C = Vault XP percentage of total XP
 D = Non-vault monster count
 E = Vault monster count
 F = Vault count percentage of total count
                 A         B        C        D         E       F
            +---------+---------+-------+---------+---------+-------
      Total |     229 |      55 |  19.4 |      54 |       4 |   6.9
            +---------+---------+-------+---------+---------+-------
        D:1 |      25 |       0 |   0.0 |      14 |       0 |   0.0
        D:2 |      34 |       0 |   0.0 |      20 |       0 |   0.0
        D:3 |     170 |      55 |  24.4 |      20 |       4 |  16.7
            +---------+---------+-------+---------+---------+-------
